 Dungeon Crawl Stone Soup version 0.28.0 (webtiles) character file.

Game seed: 4701873297212872506

25 PoweredByGinger the Chopper (level 2, 0/22 HPs)
             Began as a Demonspawn Gladiator on Feb 8, 2022.
             Succumbed to a kobold's poison
             ... on level 2 of the Dungeon.
             The game lasted 00:01:25 (1387 turns).

PoweredByGinger the Chopper (Demonspawn Gladiator)  Turns: 1387, Time: 00:01:26

Health: 0/22       AC:  4    Str: 13 (14) XL:     2   Next: 86%
Magic:  2/2        EV: 12    Int:  7 (9)  God:
Gold:   49         SH:  0    Dex: 11 (14) Spells: 1/1 levels left

rFire   . . .      SeeInvis .   a - +0 war axe
rCold   . . .      Faith    .   (no shield)
rNeg    . . .      Spirit   .   b - +0 leather armour
rPois   .          Reflect  .   c - +0 helmet
rElec   .          Harm     .   (no cloak)
rCorr   .          Rampage  .   (no gloves)
Will    .....                   (no boots)
Stlth   +.........              (no amulet)
HPRegen 0.07/turn               (no ring)
MPRegen 0.08/turn               (no ring)

@: lethally poisoned (0 -> -1)
A: demonic guardian 1
a: no special abilities


You were on level 2 of the Dungeon.
You visited 1 branch of the dungeon, and saw 2 of its levels.

You collected 49 gold pieces.

Inventory:

Hand Weapons
 a - a +0 war axe (weapon)
Missiles
 d - 2 throwing nets (quivered)
 e - 8 poisoned darts
 j - 45 arrows
Armour
 b - a +0 leather armour (worn)
 c - a +0 helmet (worn)
 l - a +0 tower shield
Scrolls
 f - 3 scrolls of vulnerability {unknown}
 h - 2 scrolls of identify {unknown}
 k - a scroll of silence {unknown}
Potions
 g - a potion of degeneration


   Skills:
 - Level 2.0 Fighting
 + Level 3.5 Axes
 - Level 1.7 Throwing
 + Level 0.9 Armour
 - Level 2.6 Dodging


You had one spell level left.
You didn't know any spells.
Your spell library was empty.

Dungeon Overview and Level Annotations

Branches:
Dungeon (2/15)

Altars:


Innate Abilities, Weirdness & Mutations

A weak demonic guardian rushes to your aid.


Message History

You are too injured to fight recklessly!
You are too injured to fight recklessly!
It was a potion of degeneration.
There was something very wrong with that liquid.
You feel weakened.
You feel dopey.
You feel clumsy.
* * * LOW HITPOINT WARNING * * *
You feel sick. The kobold misses you.
It was a potion of heal wounds.
You feel much better.
You feel very sick.
The kobold hits you with a +1 whip of venom.
You are lethally poisoned!
You aren't carrying any items that you can evoke.
Unknown command.
You barely miss the kobold.
You feel very sick. The kobold barely misses you. The kobold misses you.
Throw: 3 throwing nets
Press: ? - help, Q - select action, (/) - cycle Shift-Dir - straight line, f - kobold
Aim: a kobold, wielding a +1 whip of venom and quivering stones (47% to hit)
You throw a throwing net. The throwing net hits the kobold.
The kobold is caught in the net!
You feel sick.
The kobold struggles against the net.
You slash the kobold!
You kill the kobold!
You feel very sick.
* * * LOW HITPOINT WARNING * * *
You feel sick.
Things that are here:
a +1 whip of venom; 3 stones
* * * LOW HITPOINT WARNING * * *
You feel sick.
* * * LOW HITPOINT WARNING * * *
You feel sick.
* * * LOW HITPOINT WARNING * * *
You feel sick.
* * * LOW HITPOINT WARNING * * *
You feel sick.
* * * LOW HITPOINT WARNING * * *
You feel sick.
You die...

#..>..............# #
######.....######......#
# #..........# #......#
# #...)......## ##.#####
# #...........# #..# #
#...........# ##.# #
#.....).....# #.# #
#...........# #.## #
#.........@.#
####..######
#######.....#
#.........# #######
#.........# #.........#
#.........# #.........#
#######'#### #.#...
#.#...


There were no monsters in sight!

Vanquished Creatures
  A worm (D:2)
  A dart slug (D:2)
  2 ball pythons
  2 bats
  2 giant cockroaches (D:1)
  3 hobgoblins
  A quokka (D:1)
  A frilled lizard (D:1)
  5 kobolds
  4 rats
22 creatures vanquished.

Notes
Turn   | Place    | Note
-------+----------+-------------------------------------------
     0 | D:1      | PoweredByGinger the Demonspawn Gladiator began the quest
                  | for the Orb.
     0 | D:1      | Reached XP level 1. HP: 16/16 MP: 1/1
   136 | D:1      | Reached skill level 3 in Axes
   441 | D:1      | Gained mutation: A weak demonic guardian rushes to your
                  | aid. [demonic ancestry]
   441 | D:1      | Reached XP level 2. HP: 17/22 MP: 2/2
  1386 | D:2      | HP: 1/22 [poisoned by a kobold]
  1387 | D:2      | Succumbed to a kobold's poison

Illustrated notes

Levels and vault maps discovered:
D:1:      minmay_arrival_four_circles, layout_loops_ring
D:2:      layout_basic, basic_ecumenical_altar

Skill      XL: |  1 |
---------------+----+-----
Axes           | 3 |  3.5
Fighting       | |  2.0
Throwing       | |  1.7
Armour         | |  0.9
Dodging        | |  2.6

Action                   || total
-------------------------++-------
Melee: War axe           ||    64
       Punch             ||     2
Throw: Throwing net      ||     1
  Use: Potion            ||     2
Armor: Leather armour    ||    10
Dodge: Dodged            ||    50
